 Dungeon Crawl Stone Soup version 0.30-a0-782-ge64f9170bb (console) character file.

Game seed: 5705883662848913086

155189 rlgrobin the Summoner (level 16, 0/134 HPs)
             Began as a Demigod Wanderer on Feb 21, 2023.
             Collided with a rock wall (7 damage)
             ... caused by a wind drake
             ... on level 4 of the Shoals.
             The game lasted 02:11:23 (37542 turns).

rlgrobin the Summoner (Demigod Wanderer)           Turns: 37542, Time: 02:11:24

Health: 0/134      AC: 16    Str: 17    XL:     16   Next: 53%
Magic:  10/38      EV: 23    Int: 27    God:
Gold:   2115       SH:  0    Dex: 18    Spells: 3/40 levels left

rFire   + . .      SeeInvis .    a - +2 spear {elec, +Blink rF+ Str+2}
rCold   . . .      Faith    .    (no shield)
rNeg    . . .      Spirit   .    c - +3 ring mail
rPois   +          Reflect  .    J - +2 hat {Stlth+}
rElec   .          Harm     .    o - +2 cloak
rCorr   .          Rampage  .    X - +0 pair of gloves
Will    +....                    P - +0 pair of boots
Stlth   ++                       M - amulet of regeneration
HPRegen 1.22/turn                U - +5 ring of evasion
MPRegen 0.26/turn                e - ring of poison resistance

@: no status effects
A: high MP 1, forlorn, divine attributes
a: Evoke Blink


You were on level 4 of the Shoals.
You visited 5 branches of the dungeon, and saw 27 of its levels.
You also visited: Ossuary and Ice Cave.

You collected 3276 gold pieces.
You spent 1161 gold pieces at shops.

Inventory:

Hand Weapons
 a - the +2 spear of Impatience (weapon) {elec, +Blink rF+ Str+2}
   (You bought it in a shop on level 3 of the Dungeon)

   Str:       It affects your strength (+2).
   rF:        It protects you from fire.
   +Blink:    It lets you blink.
 H - the +8 quarterstaff "Hexkeydd" {holy, rElec rPois rF- Will+}
   (You found it on level 11 of the Dungeon)

   rF:        It makes you vulnerable to fire.
   rElec:     It insulates you from electricity.
   rPois:     It protects you from poison.
   Will:      It increases your willpower.
Missiles
 R - a curare-tipped dart
 Z - 5 throwing nets
Armour
 c - a +3 ring mail (worn)
 o - a +2 cloak (worn)
 J - a +2 hat of stealth (worn)
 P - a +0 pair of boots (worn)
 T - a +2 robe of resistance
 X - a +0 pair of gloves (worn)
Jewellery
 e - a ring of poison resistance (right hand)
 n - a ring of positive energy
 t - a ring of willpower
 F - a ring of willpower
 L - a ring of protection from cold
 M - an amulet of regeneration (around neck)
 S - an amulet of reflection
 U - a +5 ring of evasion (left hand)
 Y - a +6 ring of intelligence
Wands
 l - a wand of mindburst (17)
 u - a wand of iceblast (27)
 w - a wand of charming (13)
 A - a wand of flame (50)
 O - a wand of digging (15)
 V - a wand of polymorph (4)
Scrolls
 b - 7 scrolls of teleportation
 f - 4 scrolls of fog
 g - 3 scrolls of amnesia
 p - 5 scrolls of blinking
 q - 3 scrolls of enchant armour
 x - 3 scrolls of vulnerability
 y - 9 scrolls of poison
 B - 3 scrolls of identify
 D - 3 scrolls of enchant weapon
 E - 2 scrolls of fear
 K - 3 scrolls of butterflies
Potions
 h - 8 potions of mutation
 i - 2 potions of flight
 j - a potion of might
 k - 10 potions of curing
 m - 2 potions of haste
 r - 2 potions of magic
 s - 2 potions of lignification
 z - 2 potions of invisibility
 C - 6 potions of brilliance
 G - a potion of cancellation
 N - 3 potions of resistance
 Q - a potion of ambrosia
 W - a potion of berserk rage
Miscellaneous
 v - a lightning rod (4/4)
 I - a condenser vane


   Skills:
 - Level 10.1 Fighting
 - Level 4.0 Polearms
 - Level 1.0 Throwing
 - Level 3.1 Armour
 - Level 12.5 Dodging
 + Level 12.9 Spellcasting
 - Level 3.7 Hexes
 + Level 13.4 Summonings
 - Level 11.7 Necromancy
 - Level 5.4 Translocations
 - Level 6.1 Earth Magic
 - Level 3.7 Evocations


You had 3 spell levels left.
You knew the following spells:

 Your Spells              Type           Power      Damage    Failure   Level
a - Vampiric Draining     Necr           69%        2d10      1%          3
b - Call Canine Familiar  Summ           74%        N/A       1%          3
c - Summon Guardian Gole  Hex/Summ       59%        N/A       1%          3
d - Blink                 Tloc           94%        N/A       1%          2
e - Borgnjor's Vile Clut  Necr/Erth      30%        N/A       4%          5
f - Necrotise             Necr           100%       1d9       1%          1
g - Animate Dead          Necr           69%        N/A       1%          4
h - Dispel Undead         Necr           69%        3d23      1%          4
i - Summon Mana Viper     Hex/Summ       59%        N/A       4%          5
j - Monstrous Menagerie   Summ           37%        N/A       19%         7

Your spell library contained the following spells:

 Spells                   Type           Power      Damage    Failure   Level
 Kiss of Death            Conj/Necr      100%       2d13      1%          1
 Slow                     Hex            100%       N/A       1%          1
 Summon Small Mammal      Summ           100%       N/A       1%          1
 Call Imp                 Summ           74%        N/A       1%          2
 Cigotuvi's Dreadful Rot  Necr/Pois/Air  76%        N/A       1%          2
 Sublimation of Blood     Necr           69%        N/A       1%          2
 Passwall                 Tmut/Erth      28%        N/A       2%          2
 Confusing Touch          Hex            37%        N/A       3%          3
 Ensorcelled Hibernation  Hex/Ice        54%        N/A       4%          2
 Stone Arrow              Conj/Erth      68%        3d11      4%          3
 Foxfire                  Conj/Fire      68%        2x1d7     6%          1
 Magic Dart               Conj           68%        1d6       6%          1
 Shock                    Conj/Air       68%        1d7       6%          1
 Ignite Poison            Fire/Tmut/Pois 17%        N/A       17%         3
 Mephitic Cloud           Conj/Pois/Air  17%        N/A       17%         3
 Swiftness                Air            17%        N/A       17%         3
 Animate Armour           Summ/Erth      100%       N/A       1%          4
 Agony                    Necr           69%        N/A       1%          5
 Anguish                  Hex/Necr       28%        N/A       2%          4
 Summon Ice Beast         Ice/Summ       52%        N/A       3%          4
 Manifold Assault         Tloc           47%        N/A       6%          4
 Death Channel            Necr           34%        N/A       7%          6
 Petrify                  Tmut/Erth      34%        N/A       16%         4
 Airstrike                Air            8%         2d(2-18)  50%         4
 Flame Wave               Conj/Fire      17%        2d7       50%         4
 Simulacrum               Ice/Necr       24%        N/A       61%         6
 Alistair's Intoxication  Tmut/Pois      11%        N/A       85%         5
 Fireball                 Conj/Fire      8%         3d6       85%         5
 Freezing Cloud           Conj/Ice/Air   8%         6-21      85%         5
 Irradiate                Conj/Tmut      8%         3d14      85%         5
 Eringya's Noxious Bog    Tmut/Pois      8%         N/A       100%        6
 Starburst                Conj/Fire      8%         6d4       100%        6
 Enfeeble                 Hex            18%        N/A       100%        7
 Storm Form               Tmut/Air       8%         N/A       100%        7
 Lehudib's Crystal Spear  Conj/Erth      17%        10d5      100%        8
 Polar Vortex             Ice            8%         N/A       100%        9


Dungeon Overview and Level Annotations

Branches:
Dungeon (15/15)            Temple (0/1) D:5            Lair (5/5) D:11
 Shoals (4/4) Lair:3       Spider (1/4) Lair:3        Slime (0/5) Lair:5
    Orc (2/2) D:11            Elf (0/3) Orc:2        Vaults (0/5) D:13
 Depths (0/4) D:15        Ossuary (visited)           IceCv (visited)

Shops:
D:3 (   D:15 =   Orc:2 !?*(

Annotations:
D:13 2 transporters, Rirphuq's ghost, journeyman DECj
D:15 exclusion: rakshasa
Shoals:2 Mlioglotl


Innate Abilities, Weirdness & Mutations

You have an increased reservoir of magic. (+10% MP)
You shall have no god before yourself.
Your divine heritage dramatically boosts your attributes as you level up.


Message History

Aiming: Charm
Press: ? - help, Shift-Dir - straight line, f/p - satyr
Aim: a satyr, wielding a +0 longbow (chance to affect: 40%)
The satyr is charmed.
Your mana viper misses the wind drake.
The harpy claws you. The harpy barely misses you.
You hit the harpy.
The harpy is lightly wounded.
The harpy misses you. The harpy barely misses you.
Your satyr shoots an arrow.
The arrow hits the harpy!
The harpy claws you but does no damage. The harpy completely misses you.
Your mana viper bites the harpy!
Something misses your mana viper.
You hit the harpy.
The harpy is almost dead.
The harpy claws you!
* * * LOW HITPOINT WARNING * * *
The harpy barely misses you.
Your satyr shoots an arrow.
The arrow hits the harpy!!
The harpy dies!
Something bites your mana viper!!
You hear an angry hiss.
You enter the shallow water.
Moving in this stuff is going to be slow.
The alligator snapping turtle closely misses you.
Your mana viper bites the alligator snapping turtle but does no damage.
You see here a harpy corpse.
Your mana viper bites the alligator snapping turtle but does no damage.
The alligator snapping turtle bites you from afar!!
* * * LOW HITPOINT WARNING * * *
The wind drake flaps its wings at you. The air twists around and strikes you.
* * * LOW HITPOINT WARNING * * *
Your mana viper bites the alligator snapping turtle but does no damage.
Your satyr plays a frightful melody on his pipes!
Your satyr radiates an aura of fear!
Your mana viper easily resists.
The alligator snapping turtle misses you.
Your mana viper bites the alligator snapping turtle but does no damage.
The wind drake exhales a fierce blast of wind!
You are knocked back by the gust of wind.
You slam into the rock wall!
You die...

.##..~###†# ..#....#
#8.8.....#........# ≈
.'....~.....~#...~.###≈≈≈
..'..~........#...~.#≈≈≈≈≈
..#...#.(~.#..#......≈≈≈≈≈
.##...##.(##..#...~.#≈≈≈≈≈
#.^ .~?......#).:#≈≈≈≈≈≈
## #../....###.#≈≈≈≈≈≈
#@..##t≈≈≈≈≈≈≈
#...cS#≈≈≈≈≈≈≈
#....†k≈≈≈≈≈≈≈
#.#...##≈≈≈≈≈≈≈ ......##
≈≈≈≈≈≈≈ #.~....## ≈≈≈≈≈≈≈
#..#.##. ≈≈≈≈≈≈≈ .≈≈≈≈ ≈
≈≈≈≈≈≈≈ ≈≈≈≈ ≈≈≈≈≈≈≈


You could see a wind drake (repels missiles, catching breath), a friendly satyr
(charmed) and a friendly mana viper (summoned).

Vanquished Creatures
  Jorgrun (Orc:1)
  Polyphemus (Shoals:4)
  An ettin (D:15)
  A merfolk impaler (Shoals:3)
  Fannar (D:10)
  7 vault guards (D:13)
  2 catoblepae (Lair:5)
  3 hydras
  2 merfolk avatars
  A merfolk aquamancer (Shoals:2)
  A boulder beetle (D:15)
  3 centaur warriors
  A death knight (D:15)
  4 satyrs (Shoals:4)
  3 tengu warriors
  An alligator snapping turtle (Shoals:3)
  3 death yaks
  2 skysharks
  Lodul (D:14)
  A deep troll (D:15)
  4 sea snakes
  2 bog bodies (IceCv)
  A necromancer (D:15)
  2 phantasmal warriors (D:15)
  A wizard (D:15)
  6 harpies
  An orc knight (Orc:2)
  9 manticores
  A deep elf pyromancer (D:15)
  A cyclops (D:15)
  7 merfolk sirens
  12 ugly things (D:14)
  12 fauns
  Joseph (D:9)
  2 elephants (Lair:5)
  An ice statue (IceCv)
  3 water nymphs
  5 cane toads
  4 komodo dragons
  A freezing wraith (D:15)
  An anaconda simulacrum (IceCv)
  2 kobold demonologists (D:12)
  3 ice devils
  10 merfolk
  A rime drake (Lair:2)
  4 trolls
  2 polar bears (Lair:5)
  A hornet (D:10)
  3 wind drakes (Shoals:3)
  5 dream sheep
  11 blink frogs
  2 snapping turtles
  Sigmund (D:3)
  2 slime creatures (D:13)
  3 wyverns
  A vampire (D:13)
  3 water elementals
  7 yaks
  2 wraiths
  A basilisk (D:15)
  A redback (Lair:3)
  A steam dragon (D:8)
  7 vampire mosquitoes
  A death yak simulacrum (IceCv)
  2 hydra simulacra (IceCv)
  8 water moccasins
  An acid dragon (D:13)
  12 orc warriors
  10 wolves
  9 ogres
  5 centaurs
  2 phantoms (D:5)
  An elf zombie (Ossuary)
  7 bullfrogs
  A kobold brigand (D:9)
  A necrophage (D:5)
  4 scorpions (D:5)
  A cane toad simulacrum (IceCv)
  4 two-headed ogre simulacra (IceCv)
  3 wights
  Dowan (D:7)
  11 killer bees
  5 elephant simulacra (IceCv)
  2 howler monkeys
  8 electric eels
  A centaur zombie (Ossuary)
  8 orc priests
  3 hounds (D:5)
  2 jellies (D:4)
  A gnoll bouda (D:10)
  2 iguanas
  4 orc wizards
  3 polar bear simulacra (IceCv)
  A troll simulacrum (IceCv)
  4 spriggan simulacra (IceCv)
  A wolf simulacrum (Lair:5)
  4 gnolls
  6 adders
  5 naga simulacra (IceCv)
  6 white imps (IceCv)
  7 ufetubi (IceCv)
  2 dart slugs
  31 orcs
  8 ball pythons
  3 endoplasms
  6 giant cockroaches
  3 goblins
  5 hobgoblins
  2 jackals (D:1)
  3 quokkas
  5 bats
  4 frilled lizards (D:1)
  8 hobgoblin zombies (Ossuary)
  11 kobolds
  8 kobold zombies (Ossuary)
  9 orc zombies (Ossuary)
  5 rats
  A rat zombie (Ossuary)
  A river rat simulacrum (Lair:5)
462 creatures vanquished.

Vanquished Creatures (collateral kills)
  Gastronok (D:11)
  A merfolk javelineer (Shoals:1)
  2 merfolk impalers
  A vault guard (D:13)
  3 boulder beetles
  3 catoblepae
  A hydra (Lair:5)
  A merfolk aquamancer (Shoals:1)
  2 merfolk avatars
  A centaur warrior (D:13)
  2 two-headed ogres (D:11)
  5 satyrs
  5 death yaks
  A skyshark (Lair:5)
  4 sea snakes
  A deep troll (D:15)
  2 deep elf pyromancers
  6 harpies
  Pikel (D:7)
  7 fauns
  A necromancer (Lair:5)
  An ugly thing (D:14)
  5 cyclopes
  4 manticores
  2 merfolk sirens
  An elephant (Lair:5)
  2 water nymphs (Shoals:4)
  3 black mambas
  3 cane toads
  A rime drake (Lair:5)
  6 komodo dragons
  A kobold demonologist (D:12)
  14 merfolk
  A queen bee (D:11)
  4 trolls
  2 wind drakes
  2 polar bears
  A hornet (D:7)
  Prince Ribbit (D:6)
  3 snapping turtles
  15 blink frogs
  9 dream sheep
  7 slime creatures
  A centaur simulacrum (D:14)
  43 yaks
  A wyvern (Lair:4)
  7 water elementals
  4 wraiths
  A redback (Lair:3)
  2 basilisks
  Menkaure (D:4)
  A death yak simulacrum (IceCv)
  7 vampire mosquitoes
  Duvessa (D:7)
  8 water moccasins
  2 black bears
  A sky beast (D:6)
  9 ogres
  17 orc warriors
  6 wolves
  4 centaurs
  2 elf zombies (Ossuary)
  2 kobold brigands (D:12)
  4 bullfrogs
  A necrophage (D:8)
  2 scorpions
  12 wights
  6 killer bees
  An elephant simulacrum (IceCv)
  5 howler monkeys
  2 human zombies (Ossuary)
  11 orc priests
  A hound (D:7)
  24 orc wizards
  4 polar bear simulacra (Lair:5)
  A spriggan simulacrum (IceCv)
  2 wolf simulacra (Lair:5)
  2 troll simulacra (IceCv)
  2 yak simulacra (Lair:5)
  2 mummies (Ossuary)
  3 gnolls
  An adder (D:5)
  A naga simulacrum (IceCv)
  A shadow imp (D:6)
  2 white imps
  3 ufetubi (IceCv)
  An adder zombie (Ossuary)
  A worm (D:5)
  38 orcs
  A bat (D:3)
  A frilled lizard (D:1)
  A goblin zombie (Ossuary)
  2 hobgoblin zombies (Ossuary)
  5 kobolds (D:12)
  A rat zombie (Ossuary)
  A river rat simulacrum (Lair:5)
404 creatures vanquished.

Vanquished Creatures (others)
  Josephine (D:10)
  3 hydras
  A satyr (Shoals:4)
  6 death yaks
  A two-headed ogre (D:6)
  A boulder beetle (Lair:2)
  A tengu warrior (D:14)
  3 orc knights (Orc:2)
  3 ugly things (D:14)
  2 manticores
  The ghost of gengaozo the Destroyer, a novice TeRe of Ashenzari (D:6)
  A catoblepas zombie (Lair:5)
  A komodo dragon (Lair:1)
  A merfolk (Shoals:3)
  A blink frog (Lair:5)
  A wraith (D:10)
  A water elemental (D:14)
  23 yaks
  A vampire mosquito (D:12)
  A cane toad zombie (Lair:4)
  2 water moccasins (Lair:1)
  A black bear (Lair:1)
  3 orc warriors (Orc:2)
  10 blink frog zombies
  7 wolves
  3 centaurs (Orc:2)
  3 dream sheep zombies (Lair:5)
  2 komodo dragon zombies
  4 water moccasin zombies
  3 yak zombies (D:12)
  4 wolf zombies (Lair:5)
  A centaur zombie (Orc:2)
  A basilisk zombie (Lair:5)
  2 orc wizards (Orc:2)
  2 ogre zombies
  14 orc zombies
  3 orcs (Orc:2)
  19 fungi
  144 plants
282 creatures vanquished.

Grand Total: 1148 creatures vanquished

Notes
Turn   | Place    | Note
-------+----------+-------------------------------------------
     0 | D:1      | rlgrobin the Demigod Wanderer began the quest for the Orb.
     0 | D:1      | rlgrobin set off with the following items: a +0 club, a
                  | scroll of teleportation, a +0 scale mail; and the following
                  | spells available to memorise: Necrotise, Kiss of Death,
                  | Summon Small Mammal, Cigotuvi's Dreadful Rot, Call Canine
                  | Familiar.
     0 | D:1      | Reached XP level 1. HP: 14/14 MP: 4/4
     2 | D:1      | Learned a level 1 spell: Necrotise
   273 | D:1      | Reached XP level 2. HP: 20/20 MP: 1/6
   975 | D:2      | Reached XP level 3. HP: 26/26 MP: 4/8
  1582 | D:2      | Learned a level 3 spell: Call Canine Familiar
  1666 | D:3      | Reached skill level 2 in Summonings
  1774 | D:3      | Reached XP level 4. HP: 33/33 MP: 6/10
  1905 | D:3      | Found Ybeteg's Antique Weapon Shoppe.
  2008 | D:3      | Noticed Sigmund
  2548 | D:4      | Found a sand-covered staircase.
  2579 | Ossuary  | Entered an ossuary
  2832 | Ossuary  | Reached skill level 3 in Summonings
  2832 | Ossuary  | Reached XP level 5. HP: 19/38 MP: 11/13
  2922 | Ossuary  | Reached XP level 6. HP: 28/45 MP: 11/14
  3020 | Ossuary  | Reached skill level 4 in Summonings
  3414 | D:4      | Noticed Menkaure
  3443 | D:4      | Killed Menkaure
  3444 | D:4      | Reached XP level 7. HP: 10/50 MP: 12/17
  3695 | D:5      | Entered Level 5 of the Dungeon
  3837 | D:5      | Reached skill level 5 in Summonings
  4089 | D:5      | Reached skill level 5 in Spellcasting
  4466 | D:5      | Reached skill level 6 in Summonings
  4565 | D:5      | Reached XP level 8. HP: 51/57 MP: 20/20
  5065 | D:5      | Found a staircase to the Ecumenical Temple.
  5409 | D:6      | Reached skill level 7 in Summonings
  6228 | D:6      | Found a transporter.
  6229 | D:6      | Noticed gengaozo's ghost (novice TeRe)
  6229 | D:6      | Noticed a two-headed ogre
  6230 | D:6      | Found a transporter.
  6421 | D:6      | Reached skill level 1 in Dodging
  6562 | D:7      | Noticed Prince Ribbit
  6586 | D:6      | Killed Prince Ribbit
  6587 | D:6      | Reached XP level 9. HP: 62/62 MP: 17/23
  6644 | D:7      | Identified the +2 quarterstaff of the Apocalypse {protect,
                  | rC+ Str+3}
  6659 | D:7      | Noticed Pikel
  6671 | D:7      | Killed Pikel
  6672 | D:7      | Reached skill level 8 in Summonings
  6727 | D:7      | Noticed Duvessa
  6727 | D:7      | Noticed Dowan
  6738 | D:7      | Killed Duvessa
  6740 | D:7      | Killed Dowan
  7120 | D:7      | Paralysed by a hornet for 2 turns
  7124 | D:7      | Reached skill level 9 in Summonings
  7242 | D:7      | Learned a level 2 spell: Blink
  7648 | D:7      | Reached skill level 1 in Fighting
  7873 | D:7      | Reached skill level 5 in Dodging
  8529 | D:8      | Reached XP level 10. HP: 66/77 MP: 21/24
  9014 | D:9      | Reached skill level 1 in Evocations
  9485 | D:9      | Reached skill level 5 in Fighting
  9539 | D:9      | Noticed Joseph
  9557 | D:9      | Killed Joseph
 10201 | D:10     | Entered Level 10 of the Dungeon
 10893 | D:10     | Learned a level 3 spell: Summon Guardian Golem
 10954 | D:10     | Noticed Fannar
 11711 | D:10     | Reached XP level 11. HP: 78/86 MP: 26/26
 11847 | D:10     | Noticed Josephine
 12470 | D:11     | Noticed a deep elf pyromancer
 12559 | D:11     | Killed a deep elf pyromancer
 12561 | D:11     | Identified the +8 quarterstaff "Hexkeydd" {holy, rElec
                  | rPois rF- Will+}
 12761 | D:10     | Killed Josephine
 12857 | D:11     | Noticed a two-headed ogre
 12872 | D:11     | Killed a two-headed ogre
 13279 | D:11     | Noticed a two-headed ogre
 13293 | D:11     | Killed a two-headed ogre
 13294 | D:11     | Reached skill level 5 in Translocations
 13389 | D:11     | Found a staircase to the Orcish Mines.
 13394 | D:11     | Noticed Gastronok
 13456 | D:11     | Killed Gastronok
 13691 | D:11     | Found a staircase to the Lair.
 13810 | D:11     | Reached skill level 5 in Necromancy
 13865 | D:11     | HP: 4/86 [poisoned by a killer bee]
 14595 | Lair:1   | Entered Level 1 of the Lair of Beasts
 14814 | Lair:1   | Reached XP level 12. HP: 90/94 MP: 16/28
 15013 | Lair:1   | Identified the +0 leather armour of the Lobster {*Slow
                  | rElec Str+5 Int+5}
 15849 | Lair:1   | Learned a level 5 spell: Borgnjor's Vile Clutch
 15862 | Lair:2   | Noticed a boulder beetle
 16138 | Lair:2   | Reached skill level 1 in Earth Magic
 16138 | Lair:2   | Found a frozen archway.
 16153 | IceCv    | Entered an ice cave
 16716 | IceCv    | Found the +8 frozen axe "Frostbite" {freeze, freezing
                  | cloud, *Noise Fly rC+}
 16929 | IceCv    | Reached skill level 10 in Necromancy
 17660 | Lair:2   | Killed a boulder beetle
 18259 | Lair:3   | Reached skill level 5 in Earth Magic
 18384 | Lair:3   | Reached XP level 13. HP: 100/100 MP: 9/29
 18516 | Lair:3   | Found a staircase to the Shoals.
 18644 | Lair:3   | Learned a level 3 spell: Vampiric Draining
 18742 | Lair:3   | Found a hole to the Spider Nest.
 19138 | Lair:3   | Learned a level 4 spell: Animate Dead
 20402 | Lair:5   | Entered Level 5 of the Lair of Beasts
 20875 | Lair:5   | Got the Quarto of Glowing Effluvium
 21248 | Lair:5   | Found a staircase to the Slime Pits.
 21896 | Lair:5   | Reached skill level 10 in Spellcasting
 22100 | Lair:5   | Reached skill level 10 in Dodging
 22495 | Lair:5   | Reached XP level 14. HP: 96/107 MP: 30/33
 23622 | D:10     | Killed Fannar
 23849 | D:6      | Killed gengaozo's ghost
 23986 | D:3      | Killed Sigmund
 24147 | D:3      | Bought an ivory trident for 187 gold pieces
 24147 | D:3      | Identified the +6 trident of Fagudd {drain, rF- Will+ SInv}
                  | (You bought it in a shop on level 3 of the Dungeon)
 24561 | D:12     | Identified the +0 scale mail of the Sky {rPois rF+ SInv}
 26024 | D:13     | Identified the amulet of Lady Luck {RegenMP rElec Dex+3}
 26120 | D:13     | Found a gate to the Vaults.
 26304 | D:13     | Noticed Rirphuq's ghost (journeyman DECj)
 26316 | D:13     | Found a transporter.
 26334 | D:13     | Found a transporter.
 26565 | Orc:1    | Entered Level 1 of the Orcish Mines
 26831 | Orc:1    | Noticed Jorgrun
 26856 | Orc:1    | Killed Jorgrun
 27148 | Orc:2    | Entered Level 2 of the Orcish Mines
 28217 | Orc:2    | Found a staircase to the Elven Halls.
 29054 | Orc:2    | Found Ocirchom's Magic Scroll Boutique.
 29054 | Orc:2    | Found Qocw's General Store.
 29056 | Orc:2    | Found Okkud's Weapon Shoppe.
 29058 | Orc:2    | Found Kaunukki's Distillery.
 29072 | Orc:2    | Bought a scroll of acquirement for 728 gold pieces
 29078 | Orc:2    | Acquired a +5 ring of evasion
 29092 | Orc:2    | Bought a potion of heal wounds for 70 gold pieces
 29366 | D:3      | Bought a jewelled spear for 176 gold pieces
 29366 | D:3      | Identified the +2 spear of Impatience {elec, +Blink rF+
                  | Str+2} (You bought it in a shop on level 3 of the Dungeon)
 29644 | D:14     | Reached skill level 1 in Polearms
 29860 | D:14     | Noticed Lodul
 29883 | D:14     | Killed Lodul
 29884 | D:14     | Reached XP level 15. HP: 116/125 MP: 16/34
 30233 | D:14     | Learned a level 4 spell: Dispel Undead
 30532 | D:14     | Reached skill level 10 in Fighting
 30816 | D:14     | Learned a level 5 spell: Summon Mana Viper
 31135 | D:14     | Reached skill level 1 in Hexes
 31135 | D:14     | Reached skill level 10 in Summonings
 31267 | D:15     | Entered Level 15 of the Dungeon
 31844 | D:15     | Found a staircase to the Depths.
 31853 | D:15     | Found Iziyxti's Jewellery Emporium.
 32698 | Spider:1 | Entered Level 1 of the Spider Nest
 32750 | Shoals:1 | Entered Level 1 of the Shoals
 33344 | Shoals:1 | Reached skill level 11 in Summonings
 34724 | Shoals:2 | You fall into a shaft and drop 1 floor!
 34763 | Shoals:2 | Identified the +1 ring mail of the Ladybird {Will- Dex+5}
 34808 | Shoals:2 | Noticed Mlioglotl
 35272 | Shoals:3 | Reached skill level 12 in Summonings
 35484 | Shoals:3 | Reached XP level 16. HP: 110/134 MP: 31/36
 36534 | Shoals:4 | Entered Level 4 of the Shoals
 36885 | Shoals:4 | Learned a level 7 spell: Monstrous Menagerie
 36935 | Shoals:4 | Reached skill level 13 in Summonings
 36953 | Shoals:4 | Noticed Polyphemus
 36966 | Shoals:4 | Killed Polyphemus
 37541 | Shoals:4 | HP: 6/134 [wind drake/the air (6)]
 37542 | Shoals:4 | Collided with a rock wall

Illustrated notes

Levels and vault maps discovered:
D:1:      dpeg_arrival_short_road, layout_rooms
D:2:      layout_rooms, basic_altar, st_stairs_14, grunt_ministairs_2,
          minmay_misc_feat_rugged
D:3:      layout_rooms, nemelex_spade_bored_becter, serial_shops, shop,
          nicolae_figureground_pulse, uniq_sigmund
D:4:      layout_rooms, vehumet_crystals, mainiacjoe_overflow_tiny_flanked,
          nicolae_ossuary_entry_ruins, hangedman_decor_riveting, uniq_menkaure
D:5:      layout_cave_pods, grunt_qazlal_clouds,
          minmay_temple_entry_enclosed_plants
D:6:      layout_gridville, gammafunk_temple_overflow_wave,
          gammafunk_ghost_smash
D:7:      layout_basic, uniq_duvessa, uniq_pikel, uniq_prince_ribbit1
D:8:      layout_rooms
D:9:      layout_irregular_city, xom_redecorated, grunt_temple_overflow_open,
          minmay_misc_feat_roman, uniq_joseph
D:10:     layout_basic, minmay_misc_feat_x, uniq_fannar, uniq_josephine
D:11:     layout_rooms, lair_entry_dummy, minmay_orc_entry_temple_small,
          chequers_mini_garden, chequers_big_river,
          nicolae_looking_at_the_future, uniq_gastronok
D:12:     layout_irregular_city
D:13:     layout_irregular_city, erik_vaults_2,
          gammafunk_ghost_berserking_beasts,
          hangedman_abyss_or_decor_lesser_grid, minivault_12
D:14:     layout_grid_maze, kennysheep_boxes, uniq_lodul
D:15:     hangedman_depths_entry_civil_slaughter, layout_basic, serial_shops,
          nicolae_shop_advertising_works [nicolae_subvault_shop_adworks],
          hangedman_abyss_or_decor_stagger
Lair:1:   layout_misc_corridors, infiniplex_staircase_pool
Lair:2:   layout_layer_cave, portal_ice_cave_demonic_guard
Lair:3:   layout_chaotic_city, shoals_dummy_entry, spider_nest_entry_webs,
          grunt_megastairs_5
Lair:4:   layout_gridlike
Lair:5:   evilmike_catoblepas_cave, layout_gridlike, slime_entry_1, basic_altar,
          eino_house_with_fridge, serial_bayou_shore_a
Shoals:1: layout_shoals
Shoals:2: layout_shoals, uniq_mlioglotl
Shoals:3: layout_shoals, uniq_donald
Shoals:4: shoals_end_hellmonk_lost_city, uniq_polyphemus
Spider:1: layout_spider_delve
Orc:1:    layout_caves, uniq_jorgrun
Orc:2:    st_orc_rangers, layout_caves, nicolae_orc_rockfall

Skill      XL: |  1  2  3  4  5  6  7  8  9 10 11 12 13 14 15 16 |
---------------+-------------------------------------------------+-----
Spellcasting   | 2 3 4 5 7 8 10 11 12 | 12.9
Summonings     | 2 3 4 6 7 9 12 13 | 13.4
Dodging        | 1 5 7 8 10 12 | 12.5
Fighting       | 3 5 9 10 | 10.1
Armour         | 3 |  3.1
Evocations     | 3 |  3.7
Translocations | 5 |  5.4
Necromancy     | 6 10 11 | 11.7
Earth Magic    | 5 6 |  6.1
Polearms       | 1 4 |  4.0
Hexes          | 3 |  3.7
Throwing       | |  1.0

Action                     |  1- 3 |  4- 6 |  7- 9 | 10-12 | 13-15 | 16-18 || total
---------------------------+-------+-------+-------+-------+-------+-------++-------
  Melee: Club              |     6 |       |       |       |       |       ||     6
         Spear             |     5 |       |       |       |   261 |   134 ||   400
         Whip              |       |   176 |    82 |       |       |       ||   258
         Punch             |       |     5 |       |       |     3 |     4 ||    12
         Quarterstaff      |       |       |    72 |   549 |   586 |       ||  1207
   Fire: Sling             |     9 |       |       |       |       |       ||     9
   Cast: Necrotise         |    87 |    24 |    70 |    14 |       |       ||   195
         Call Canine Famil |       |    11 |    50 |   111 |   171 |    25 ||   368
         Summon Guardian G |       |       |       |    28 |    46 |       ||    74
         Blink             |       |       |       |     5 |    16 |       ||    21
         Borgnjor's Vile C |       |       |       |       |   122 |    50 ||   172
         Vampiric Draining |       |       |       |       |    32 |       ||    32
         Animate Dead      |       |       |       |       |    10 |       ||    10
         Summon Mana Viper |       |       |       |       |    13 |    16 ||    29
         Dispel Undead     |       |       |       |       |     7 |       ||     7
  Evoke: Wand              |       |       |       |    11 |    18 |     5 ||    34
         Condenser vane    |       |       |       |       |     1 |       ||     1
         Lightning rod     |       |       |       |       |     1 |       ||     1
    Use: Scroll            |       |     4 |    15 |     8 |    13 |     2 ||    42
         Potion            |       |       |     2 |     6 |     2 |     5 ||    15
   Stab: Distracted        |       |     1 |     6 |     6 |    12 |     6 ||    31
         Petrifying        |       |       |       |       |     2 |       ||     2
         Petrified         |       |       |       |       |     1 |       ||     1
         Sleeping          |       |       |       |       |     1 |       ||     1
 Armour: Scale mail        |    20 |       |       |       |       |       ||    20
         Leather armour    |     2 |    79 |    24 |       |       |       ||   105
         Ring mail         |       |       |    52 |   340 |   542 |    32 ||   966
  Dodge: Dodged            |    30 |   102 |   121 |   580 |  1371 |   225 ||  2429

Table legend: (Time is in decaauts)
 A = Elapsed time spent in this place.
 B = Non-inter-level travel time spent in this place.
 C = Inter-level travel time spent in this place.
 D = Time resting spent in this place.
 E = Time spent auto-exploring this place.
 F = Levels seen in this place.
 G = Mean time per level.
                   A        B        C        D        E       F      G
               +--------+--------+--------+--------+--------+-----+--------+
         Total |  38214 |  35500 |   2714 |   8142 |  17143 |  29 | 1317.7 |
       Dungeon |  20774 |  19106 |   1668 |   4316 |  10091 |  15 | 1384.9 |
          Lair |   8221 |   7576 |    645 |   1536 |   3787 |   5 | 1644.2 |
        Shoals |   4914 |   4790 |    124 |   1261 |   2172 |   4 | 1228.5 |
   Spider Nest |      1 |      1 |      0 |      0 |      0 |   1 |    1.0 |
  Orcish Mines |   2697 |   2422 |    275 |    780 |    797 |   2 | 1348.5 |
       Ossuary |    650 |    650 |      0 |     40 |     73 |   1 |  650.0 |
      Ice Cave |    954 |    954 |      0 |    208 |    222 |   1 |  954.0 |
               +--------+--------+--------+--------+--------+-----+--------+

Top non-repeatable levels by time:
    D:10: 2606 daAuts
  Lair:5: 2416 daAuts
    D:11: 2092 daAuts
     D:9: 1737 daAuts
   Orc:1: 1727 daAuts
    D:14: 1714 daAuts
     D:6: 1660 daAuts
  Lair:4: 1593 daAuts
     D:5: 1579 daAuts
Shoals:3: 1501 daAuts
  Lair:3: 1442 daAuts
  Lair:2: 1431 daAuts
    D:13: 1359 daAuts
     D:7: 1341 daAuts
  Lair:1: 1338 daAuts
